 Dungeon Crawl Stone Soup version 0.20.1-1-g8b1a95d66d (webtiles) character file.

499 Ivernyr the Archer (level 6, 0/52 HPs)
             Began as a Centaur Hunter on Nov 18, 2017.
             Slain by a hound (3 damage)
             ... on level 4 of the Dungeon.
             The game lasted 00:15:45 (4950 turns).

Ivernyr the Archer (Centaur Hunter)                 Turns: 4950, Time: 00:15:46

Health: 0/52       AC:  4    Str: 15    XL:     6   Next: 94%
Magic:  6/6        EV:  9    Int: 12    God:
Gold:   157        SH:  0    Dex:  9    Spells: 5/5 levels left

rFire    . . .     SeeInvis .     - Unarmed
rCold    . . .     Gourm    .   (no shield)
rNeg     . . .     Faith    .   c - +0 leather armour
rPois    .         Spirit   .   (no helmet)
rElec    .         Reflect  .   (no cloak)
rCorr    .         Harm     .   (no gloves)
MR       .....                  (no barding)
Stlth    +.........             (no amulet)
Regen    0.2/turn               (no ring)
MPRegen  0.1/turn               (no ring)

@: very quick
A: hooves 3, deformed body, speed 2, tough skin 3
a: no special abilities


You were on level 4 of the Dungeon.
You were near starving.

You visited 1 branch of the dungeon, and saw 4 of its levels.

You collected 157 gold pieces.

Inventory:

Hand Weapons
 a - a +1 shortbow
Missiles
 d - an arrow
Armour
 c - a +0 leather armour (worn)
Scrolls
 e - 2 scrolls of fog {unknown}
 g - a scroll of enchant weapon {unknown}
 h - 3 scrolls of teleportation {unknown}
 i - 5 scrolls of identify {unknown}
 j - a scroll of amnesia {unknown}
 m - a scroll of remove curse {unknown}
 p - 2 scrolls of blinking {unknown}
 q - a scroll of recharging {unknown}
 r - a scroll of enchant armour {unknown}
Potions
 o - a potion of flight {unknown}
Comestibles
 b - a royal jelly
 f - 2 bread rations
 l - 4 fruits
 n - a meat ration


   Skills:
 + Level 4.0 Fighting
 * Level 8.5 Bows
 - Level 1.3 Dodging
 - Level 0.4 Stealth
 + Level 3.6 Unarmed Combat


You had 5 spell levels left.
You didn't know any spells.

Dungeon Overview and Level Annotations

Branches:
Dungeon (4/15)
 Temple: D:4-7

Altars:
Cheibriados
Nemelex Xobeh


Innate Abilities, Weirdness & Mutations

You have hooves in place of feet.
Armour fits poorly on your strangely shaped body.
You cover ground very quickly.
You have extremely tough skin. (AC +3)


Message History

You hit the hound.
The hound is moderately wounded.
The hound bites you.
* * * LOW HITPOINT WARNING * * *
You miss the hound.
The hound is moderately wounded.
The hound closely misses you. The hound misses you.
You closely miss the hound. Your kick misses the hound.
The hound is moderately wounded.
The hound bites you.
* * * LOW HITPOINT WARNING * * *
You hit the hound.
The hound is heavily wounded.
The hound bites you.
* * * LOW HITPOINT WARNING * * *
The hound closely misses you.
You closely miss the hound. You kick the hound, but do no damage.
The hound is heavily wounded.
The hound bites you.
You die...

######### #.......# #.#####.#
#.#####.### #.##......# #.
#.##.##.#.# ...
#.##.##.#.########### #.#
#....@h.#.##........# #.##
####.####(...######.# ...# #(..#
###.## #.## ...####### ##.###
#...## #... .........# #..#
##(#..#### #.## ...#####.# #.(#
##(....)..###.#
.......#.###.)####..######..##.##
...........(.((....##....##.###..
.).....#.####.####.#.####.#......


You could see a hound.

Vanquished Creatures
  The ghost of bodvar the Sneak, an amateur SpEn (D:3)
  The ghost of Crag the Ducker, an amateur HaMo (D:4)
  A hound (D:4)
  An orc priest (D:4)
  An iron imp (D:4)
  Terence (D:2)
  Natasha (thrice) (D:2)
  A worker ant (D:4)
  2 adders (D:3)
  An ooze (D:2)
  4 worms (D:3)
  4 dart slugs (D:1)
  3 leopard geckos
  5 orcs
  2 ball pythons
  A giant cockroach (D:3)
  5 goblins
  8 hobgoblins
  9 kobolds
  2 quokkas (D:2)
  6 bats
  4 frilled lizards
  A jackal skeleton (D:4)
  10 rats
77 creatures vanquished.

Notes
Turn   | Place    | Note
-------+----------+-------------------------------------------
     0 | D:1      | Ivernyr the Centaur Hunter began the quest for the Orb.
     0 | D:1      | Reached XP level 1. HP: 17/17 MP: 1/1
   127 | D:1      | Reached skill level 1 in Unarmed Combat
   127 | D:1      | Reached XP level 2. HP: 6/24 MP: 2/2
   845 | D:1      | Reached skill level 6 in Bows
  1044 | D:1      | Reached XP level 3. HP: 25/30 MP: 3/3
  1330 | D:2      | Noticed Terence
  1350 | D:2      | Killed Terence
  1718 | D:2      | Reached XP level 4. HP: 31/37 MP: 4/4
  1871 | D:2      | Noticed Natasha
  1876 | D:2      | Killed Natasha
  1984 | D:2      | Noticed Natasha
  1992 | D:2      | Killed Natasha
  2318 | D:2      | Noticed Natasha
  2330 | D:2      | Killed Natasha
  2330 | D:2      | Reached skill level 7 in Bows
  2330 | D:2      | Reached XP level 5. HP: 28/45 MP: 5/5
  2591 | D:3      | Noticed bodvar's ghost (amateur SpEn)
  2600 | D:3      | Killed bodvar's ghost
  2806 | D:3      | Reached XP level 6. HP: 44/51 MP: 6/6
  2962 | D:3      | Found a sparkling altar of Nemelex Xobeh.
  3595 | D:4      | Reached skill level 8 in Bows
  4170 | D:4      | Found a snail-covered altar of Cheibriados.
  4446 | D:4      | Noticed Crag's ghost (amateur HaMo)
  4754 | D:4      | Killed Crag's ghost
  4950 | D:4      | Slain by a hound

Skill      XL: |  1  2  3  4  5  6 |
---------------+-------------------+-----
Unarmed Combat | 1 2 3 |  3.6
Bows           | 6 7 8 |  8.5
Fighting       | 3 4 |  4.0
Dodging        | |  1.3
Stealth        | |  0.4

Action                   |  1- 3 |  4- 6 || total
-------------------------+-------+-------++-------
Melee: Unarmed           |    95 |   160 ||   255
       Kick              |    24 |    37 ||    61
       Punch             |       |     1 ||     1
 Fire: Shortbow          |    25 |   136 ||   161
  Use: Potion            |       |     1 ||     1
  Eat: Chunk             |     2 |     7 ||     9
Armor: Leather armour    |    41 |    39 ||    80
Dodge: Dodged            |    58 |    86 ||   144
